PAA
ASHEVILLE HIGHLANDERS @ TACOMA FUR TRADERS
05/02/2026
 
TOP OF THE 1ST
Asheville Highlanders batting - Pitching for Tacoma Fur Traders : LHP César Rosado
Pitching: LHP César Rosado
Batting: SHB John Pemperton 0-0: Ball
1-0: Swinging Strike
1-1: SINGLE (Groundball, 6MD)
Batting: RHB Jan Gosselin 0-0: Ball
1-0: Ball
2-0: Called Strike
2-1: Swinging Strike
2-2: Ball
3-2: Base on Balls
John Pemperton to second
Batting: SHB Javier Luna 0-0: Ball
1-0: Foul Ball, location: 2F
1-1: Grounds into double play, 5-4-3 (Groundball, 5)
John Pemperton to third
Batting: RHB Ed Lastinger 0-0: Called Strike
0-1: Ball
1-1: Called Strike
1-2: Foul Ball, location: 2F
1-2: Ground out 5-3 (Groundball, 25)
Top of the 1st over - 0 run(s), 1 hit(s), 0 error(s), 1 left on base; Asheville 0 - Tacoma 0
BOTTOM OF THE 1ST
Tacoma Fur Traders batting - Pitching for Asheville Highlanders : RHP Brandon McAllister
Pitching: RHP Brandon McAllister
Batting: RHB Andy Moore 0-0: Foul Ball, location: 2F
0-1: Swinging Strike
0-2: Ball
1-2: Ground out 6-3 (Groundball, 6)
Batting: RHB Jenkins Hall 0-0: Called Strike
0-1: SINGLE (Groundball, 56D)
Batting: RHB Luis Flores 0-0: Foul Ball, location: 2F
0-1: Ball
Wild Pitch!
Jenkins Hall to second
1-1: Ball
2-1: Ball
3-1: Foul Ball, location: 2F
3-2: Ground out 5-3 (Groundball, 56)
Batting: RHB Xavier Pérez 0-0: Called Strike
0-1: Ball
1-1: Foul Ball, location: 2F
1-2: Ball
2-2: Strikes out swinging
Bottom of the 1st over - 0 run(s), 1 hit(s), 0 error(s), 1 left on base; Asheville 0 - Tacoma 0
TOP OF THE 2ND
Asheville Highlanders batting - Pitching for Tacoma Fur Traders : LHP César Rosado
Batting: LHB Edward Woodstock 0-0: Called Strike
0-1: Ball
1-1: Fly out, F6 (Line Drive, 56)
Batting: RHB Thomas Morris 0-0: Ball
1-0: Foul Ball, location: 2F
1-1: Ball
2-1: Fly out, F9 (Flyball, 9LM)
Batting: RHB Marshall Attwood 0-0: Ball
1-0: Foul Ball, location: 2F
1-1: Ground out 6-3 (Groundball, 6)
Top of the 2nd over - 0 run(s), 0 hit(s), 0 error(s), 0 left on base; Asheville 0 - Tacoma 0
BOTTOM OF THE 2ND
Tacoma Fur Traders batting - Pitching for Asheville Highlanders : RHP Brandon McAllister
Batting: LHB Felipe Trujillo 0-0: Swinging Strike
0-1: Ball
1-1: Foul Ball, location: 2F
1-2: Ground out 4-3 (Groundball, 4)
Batting: LHB Michael Whorton 0-0: Ball
1-0: Called Strike
1-1: Ball
2-1: Foul Ball, location: 2F
2-2: Ball
3-2: Ground out 1-3 (Groundball, 13)
Batting: RHB Tim Lehman 0-0: Ground out 3-1 (Groundball, 34S)
Bottom of the 2nd over - 0 run(s), 0 hit(s), 0 error(s), 0 left on base; Asheville 0 - Tacoma 0
TOP OF THE 3RD
Asheville Highlanders batting - Pitching for Tacoma Fur Traders : LHP César Rosado
Batting: RHB Miguel Montoya 0-0: Ball
1-0: Called Strike
1-1: Ball
2-1: Foul Ball, location: 2F
2-2: Ground out 4-3 (Groundball, 4)
Batting: RHB Héctor Gallegos 0-0: Foul Ball, location: 2F
0-1: Foul Ball, location: 2F
0-2: Ball
1-2: Fly out, F7 (Flyball, 7)
Batting: SHB John Pemperton 0-0: Swinging Strike
0-1: Foul Ball, location: 2F
0-2: Strikes out swinging
Top of the 3rd over - 0 run(s), 0 hit(s), 0 error(s), 0 left on base; Asheville 0 - Tacoma 0
BOTTOM OF THE 3RD
Tacoma Fur Traders batting - Pitching for Asheville Highlanders : RHP Brandon McAllister
Batting: RHB Rex Long 0-0: Fly out, F9 (Flyball, 9LSF)
Batting: RHB Carlos Correa 0-0: Ball
1-0: Called Strike
1-1: Foul Ball, location: 2F
1-2: Fly out, F4 (Popup, 4MD)
Batting: RHB Andy Moore 0-0: Ball
1-0: Called Strike
1-1: Called Strike
1-2: Ball
2-2: Foul Ball, location: 2F
2-2: Foul Ball, location: 2F
2-2: TRIPLE (Line Drive, 8RD)
Batting: RHB Jenkins Hall 0-0: Ball
1-0: Called Strike
1-1: Swinging Strike
1-2: Ball
2-2: Strikes out swinging
Bottom of the 3rd over - 0 run(s), 1 hit(s), 0 error(s), 1 left on base; Asheville 0 - Tacoma 0
TOP OF THE 4TH
Asheville Highlanders batting - Pitching for Tacoma Fur Traders : LHP César Rosado
Batting: RHB Jan Gosselin 0-0: Ball
1-0: Ball
2-0: Ball
3-0: Called Strike
3-1: Base on Balls
Batting: SHB Javier Luna 0-0: Called Strike
0-1: Called Strike
0-2: 2-RUN HOME RUN (Flyball, 89XD), Distance : 420 ft
Batting: RHB Ed Lastinger 0-0: Called Strike
0-1: Ball
1-1: Ball
2-1: Foul Ball, location: 2F
2-2: Ground out U3 (Groundball, 34)
Batting: LHB Edward Woodstock 0-0: Fly out, F6 (Line Drive, 6MD)
Batting: RHB Thomas Morris 0-0: Ball
1-0: Swinging Strike
1-1: SINGLE (Line Drive, 7S)
Batting: RHB Marshall Attwood 0-0: Ball
1-0: Ball
2-0: Ball
3-0: Base on Balls
Thomas Morris to second
Batting: RHB Miguel Montoya 0-0: Swinging Strike
0-1: Swinging Strike
0-2: Ball
1-2: Foul Ball, location: 2F
1-2: Strikes out swinging
Top of the 4th over - 2 run(s), 2 hit(s), 0 error(s), 2 left on base; Asheville 2 - Tacoma 0
BOTTOM OF THE 4TH
Tacoma Fur Traders batting - Pitching for Asheville Highlanders : RHP Brandon McAllister
Batting: RHB Luis Flores 0-0: Ground out U3 (Groundball, 3)
Batting: RHB Xavier Pérez 0-0: Ball
1-0: DOUBLE (Flyball, 78XD)
Batting: LHB Felipe Trujillo 0-0: Foul Ball, location: 2F
0-1: Ball
1-1: Ball
2-1: Foul Ball, location: 2F
2-2: Foul Ball, location: 2F
2-2: Ball
3-2: Strikes out swinging
Batting: LHB Michael Whorton 0-0: Foul Ball, location: 2F
0-1: Ball
1-1: Ball
2-1: Ball
3-1: Base on Balls
Batting: RHB Tim Lehman 0-0: Called Strike
0-1: SINGLE (Flyball, 89S)
Xavier Pérez to third
Michael Whorton to second
Runner from 3rd tries for Home, SAFE, no throw
Batting: RHB Rex Long 0-0: Swinging Strike
0-1: Ball
1-1: Fly out, F8 (Flyball, 78M)
Bottom of the 4th over - 1 run(s), 2 hit(s), 0 error(s), 2 left on base; Asheville 2 - Tacoma 1
TOP OF THE 5TH
Asheville Highlanders batting - Pitching for Tacoma Fur Traders : LHP César Rosado
Batting: RHB Héctor Gallegos 0-0: Foul Ball, location: 2F
0-1: Foul Ball, location: 2F
0-2: Ball
1-2: Ground out 5-3 (Groundball, 56)
Batting: SHB John Pemperton 0-0: Called Strike
0-1: Foul Ball, location: 2F
0-2: Ball
1-2: Ground out 1-3 (Groundball, 13)
Batting: RHB Jan Gosselin 0-0: Foul Ball, location: 2F
0-1: Foul Ball, location: 2F
0-2: Ball
1-2: Foul Ball, location: 2F
1-2: Ball
2-2: Foul Ball, location: 2F
2-2: Fly out, F8 (Line Drive, 8LS)
Top of the 5th over - 0 run(s), 0 hit(s), 0 error(s), 0 left on base; Asheville 2 - Tacoma 1
BOTTOM OF THE 5TH
Tacoma Fur Traders batting - Pitching for Asheville Highlanders : RHP Brandon McAllister
Batting: RHB Carlos Correa 0-0: Called Strike
0-1: Ball
1-1: Ball
2-1: SINGLE (Flyball, 78S)
Batting: RHB Andy Moore 0-0: Bunt missed!
0-1: Ball
1-1: Ball
2-1: Sac Bunt - play at first, batter OUT! 2-4
Carlos Correa to second
Batting: RHB Jenkins Hall 0-0: Ball
1-0: Ball
2-0: Foul Ball, location: 2F
2-1: Ball
3-1: Base on Balls
Batting: RHB Luis Flores 0-0: Called Strike
0-1: Fly out, F7 (Flyball, 78M)
Batting: RHB Xavier Pérez 0-0: Called Strike
0-1: Ball
1-1: SINGLE (Line Drive, 78S)
Carlos Correa to third
Jenkins Hall to second
Runner from 3rd tries for Home, SAFE, no throw
Batting: LHB Felipe Trujillo 0-0: Ball
1-0: Ball
2-0: Called Strike
2-1: Fly out, F2 (Popup, 3S)
Bottom of the 5th over - 1 run(s), 2 hit(s), 0 error(s), 2 left on base; Asheville 2 - Tacoma 2
TOP OF THE 6TH
Asheville Highlanders batting - Pitching for Tacoma Fur Traders : LHP César Rosado
Batting: SHB Javier Luna 0-0: Called Strike
0-1: Ball
1-1: Foul Ball, location: 2F
1-2: Ball
2-2: Fly out, F9 (Flyball, 9S)
Batting: RHB Ed Lastinger 0-0: Ground out 3-1 (Groundball, 34)
Batting: LHB Edward Woodstock 0-0: Called Strike
0-1: Ball
1-1: Foul Ball, location: 2F
1-2: Foul Ball, location: 2F
1-2: Strikes out swinging
Top of the 6th over - 0 run(s), 0 hit(s), 0 error(s), 0 left on base; Asheville 2 - Tacoma 2
BOTTOM OF THE 6TH
Tacoma Fur Traders batting - Pitching for Asheville Highlanders : RHP Brandon McAllister
Batting: LHB Michael Whorton 0-0: Ball
1-0: Ball
2-0: Called Strike
2-1: Ball
3-1: Called Strike
3-2: Ground out 6-3 (Groundball, 6M)
Pitching: RHP Justin Reynolds
Batting: RHB Tim Lehman 0-0: SINGLE (Groundball, 6MD)
Batting: RHB Rex Long 0-0: Ball
Tim Lehman steals 2nd base
1-0: Intentional Walk
Batting: RHB Carlos Correa 0-0: Called Strike
0-1: Ball
1-1: SINGLE (Groundball, 34D)
Tim Lehman to third
Rex Long to second
Runner from 3rd tries for Home, SAFE, no throw
Batting: RHB Andy Moore 0-0: Ball
1-0: Called Strike
1-1: Foul Ball, location: 2F
1-2: Ground out U3 (Groundball, 34S)
Rex Long to third
Carlos Correa to second
Batting: RHB Jenkins Hall 0-0: Ball
1-0: Ball
2-0: Foul Ball, location: 2F
2-1: Fly out, F8 (Flyball, 8RM)
Bottom of the 6th over - 1 run(s), 2 hit(s), 0 error(s), 2 left on base; Asheville 2 - Tacoma 3
TOP OF THE 7TH
Asheville Highlanders batting - Pitching for Tacoma Fur Traders : LHP César Rosado
Batting: RHB Thomas Morris 0-0: Fly out, F9 (Flyball, 9S)
Batting: RHB Marshall Attwood 0-0: Fly out, F8 (Flyball, 8LM)
Batting: RHB Miguel Montoya 0-0: Ball
1-0: Foul Ball, location: 2F
1-1: Called Strike
1-2: Ball
2-2: Strikes out swinging
Top of the 7th over - 0 run(s), 0 hit(s), 0 error(s), 0 left on base; Asheville 2 - Tacoma 3
BOTTOM OF THE 7TH
Tacoma Fur Traders batting - Pitching for Asheville Highlanders : RHP Justin Reynolds
Batting: RHB Luis Flores 0-0: Ball
1-0: Called Strike
1-1: Ball
2-1: Ball
3-1: SINGLE (Groundball, 6MD)
Batting: RHB Xavier Pérez 0-0: Ball
1-0: Ball
2-0: Ball
3-0: Base on Balls
Luis Flores to second
Batting: LHB Felipe Trujillo 0-0: Called Strike
0-1: Swinging Strike
0-2: Strikes out swinging
Batting: LHB Michael Whorton 0-0: Called Strike
0-1: Ball
1-1: Ball
2-1: Foul Ball, location: 2F
2-2: Ball
3-2: Base on Balls
Luis Flores to third
Xavier Pérez to second
Pinch Hitting: RHB Britt Lynch 0-0: SINGLE (Groundball, 4MD)
Luis Flores scores
Xavier Pérez to third
Michael Whorton to second
Runner from 3rd tries for Home, SAFE, no throw
Pitching: LHP Joaquín Ramírez
Batting: RHB Rex Long 0-0: Ball
Britt Lynch steals 2nd base
Michael Whorton to third
1-0: Intentional Walk
Batting: RHB Carlos Correa 0-0: Called Strike
0-1: Grounds into fielders choice 6-2 (Groundball, 6S)
Britt Lynch to third
Rex Long to second
Batting: RHB Andy Moore 0-0: Ball
1-0: Called Strike
1-1: Foul Ball, location: 2F
1-2: Fly out, F9 (Flyball, 9LD)
Bottom of the 7th over - 2 run(s), 2 hit(s), 0 error(s), 3 left on base; Asheville 2 - Tacoma 5
TOP OF THE 8TH
Asheville Highlanders batting - Pitching for Tacoma Fur Traders : LHP César Rosado
Now in CF: Carlos Alicea
Batting: RHB Héctor Gallegos 0-0: Called Strike
0-1: Fly out, F7 (Flyball, 7LS)
Batting: SHB John Pemperton 0-0: SINGLE (Line Drive, 4MD)
Batting: RHB Jan Gosselin 0-0: Ball
1-0: Foul Ball, location: 2F
1-1: Foul Ball, location: 2F
1-2: Foul Ball, location: 2F
1-2: Foul Ball, location: 2F
1-2: SINGLE (Flyball, 8RS)
John Pemperton to second
Batting: SHB Javier Luna 0-0: Fly out, F9 (Flyball, 9D)
Batting: RHB Ed Lastinger 0-0: Called Strike
0-1: Ground out 5-3 (Groundball, 56S)
Top of the 8th over - 0 run(s), 2 hit(s), 0 error(s), 2 left on base; Asheville 2 - Tacoma 5
BOTTOM OF THE 8TH
Tacoma Fur Traders batting - Pitching for Asheville Highlanders : LHP Joaquín Ramírez
Batting: RHB Jenkins Hall 0-0: Called Strike
0-1: Ball
1-1: Ball
2-1: Foul Ball, location: 2F
2-2: Foul Ball, location: 2F
2-2: Ball
3-2: Base on Balls
Batting: RHB Luis Flores 0-0: Foul Ball, location: 2F
0-1: Ball
1-1: Ball
2-1: Foul Ball, location: 2F
2-2: Strikes out swinging
Batting: RHB Xavier Pérez 0-0: Ball
1-0: Reached via error on a dropped throw, E1
Jenkins Hall to second
Batting: LHB Felipe Trujillo 0-0: Called Strike
0-1: Ball
1-1: Ball
2-1: Fielders Choice at 2nd, 4-6 (Groundball, 4MD)
Jenkins Hall to third
Batting: LHB Michael Whorton 0-0: Foul Ball, location: 2F
0-1: Ball
1-1: Ball
2-1: Ball
3-1: Foul Ball, location: 2F
3-2: SINGLE (Line Drive, 89M)
Jenkins Hall scores
Felipe Trujillo to second
Felipe Trujillo to third
Batting: SHB Carlos Alicea 0-0: Ball
1-0: Ball
2-0: Ground out 6-3 (Groundball, 6M)
Bottom of the 8th over - 1 run(s), 1 hit(s), 1 error(s), 2 left on base; Asheville 2 - Tacoma 6
TOP OF THE 9TH
Asheville Highlanders batting - Pitching for Tacoma Fur Traders : LHP César Rosado
Batting: LHB Edward Woodstock 0-0: Ball
1-0: Called Strike
1-1: Ball
2-1: Foul Ball, location: 2F
2-2: Ball
3-2: SINGLE (Flyball, 78S)
Pitching: RHP Jeff Pearce
Batting: RHB Thomas Morris 0-0: Ball
1-0: SINGLE (Groundball, 4D)
Edward Woodstock to second
Runner from 2nd tries for 3rd, SAFE, throw made to third
Pitching: LHP Steve Adkins
Batting: RHB Marshall Attwood 0-0: Ball
1-0: Called Strike
1-1: Foul Ball, location: 2F
1-2: Grounds into double play, 5-4-3 (Groundball, 56)
Edward Woodstock scores
Batting: RHB Miguel Montoya 0-0: Called Strike
0-1: Fly out, F9 (Flyball, 9S)
Top of the 9th over - 1 run(s), 2 hit(s), 0 error(s), 0 left on base; Asheville 3 - Tacoma 6
Monday, March 20th, 2017 - OOTP Baseball 17.12 Build 75